Unix NetHack Version 3.7.0-94 Work-in-progress - last build Dec 18 2023 00:11:04 (7e3deff068b9ef4f2ebb9a71ea0f5c4a3b578a14,branch:master). Game began 2023-12-20 22:57:45, ended 2023-12-22 16:44:47. wangpang, neutral male human Barbarian ------- ------ |.....| |....+ |<....| |....| |......# ##i@## |....| --.----#### |....| # ##( .....| # #-... |.... ## # ......| . . ######### .....| ######## # --.\.| ##### ## .| ### . -.-.- - |<..| |....# |..)| ----- Wangpang the Pillager St:17 Dx:18 Co:18 In:7 Wi:9 Ch:6 Neutral Dlvl:6 $:52 HP:0(48) Pw:9(9) AC:7 Xp:4/121 T:2142 Stun Latest messages: The imp hits! The imp hits! The imp hits! You miss the imp. The imp hits! You miss the imp. The imp hits! "I first mistook thee for a statue, when I regarded thy head of stone." You miss the imp. The imp hits! The imp hits! "Thy gaze is so vacant, I thought thee a floating eye!" The kobold opens a door. You smite the imp! The imp hits! You miss the imp. The imp hits! The imp casts aspersions on your ancestry. The hobgoblin wakes up! You smite the imp. The imp hits! The hobgoblin wakes up! The kobold hits! The imp hits! The imp just misses! "Eat slime and die!" The imp hits! "Thy head is unfit for a mind flayer to munch upon!" You kill the kobold! The imp hits! You hear a chugging sound. You smite the imp! The imp hits! The imp hits! "I've met smarter (and prettier) acid blobs." The imp hits! The imp hits! "Verily, thy corpse could not smell worse!" The imp hits! The imp hits! The imp hits! "Hast thou been drinking, or art thou always so clumsy?" You smite the imp. The imp hits! You die... Do you want your possessions identified? [ynq] (y) Do you want to see your attributes? [ynq] (y) Do you want an account of creatures vanquished? [ynaq] (y) Do you want to see your conduct and achievements? [ynq] (y) Do you want to see the dungeon overview? [ynq] (y) Inventory: Coins $ - 52 gold pieces Weapons h - a +0 orcish dagger b - a +0 axe (alternate weapon; not wielded) a - a corroded +0 two-handed sword (weapon in hands) Armor v - an uncursed +0 orcish helm c - an uncursed +0 ring mail (being worn) Comestibles x - an uncursed candy bar labeled "Nilla Crunchie" d - 5 uncursed food rations k - an uncursed giant ant egg Scrolls q - an uncursed scroll of amnesia o - an uncursed scroll of confuse monster j - a cursed scroll of confuse monster r - an uncursed scroll of identify s - an uncursed scroll of teleportation Spellbooks n - a blessed spellbook of levitation p - an uncursed spellbook of light Potions g - an uncursed potion of hallucination i - an uncursed potion of levitation Rings w - a cursed ring of polymorph Wands f - a wand of digging (0:4) u - a wand of magic missile (0:6) Gems/Stones e - 3 uncursed worthless pieces of violet glass Wangpang the Barbarian's attributes: Background: You were a Pillager, a level 4 male human Barbarian. You were neutral, on a mission for Crom who was opposed by Mitra (lawful) and Set (chaotic). You were right-handed. You were in the Dungeons of Doom, on level 6. You entered the dungeon 2142 turns ago. You had 121 experience points, 39 more were needed to attain level 5. Basics: You had 0 out of 48 hit points. You had all 9 energy points (spell power). Your armor class was 7. Your wallet contained 52 zorkmids. Autopickup was on for '$?!/="+*' plus thrown, with exceptions. Final Characteristics: Your strength was 17 (limit:18/100). Your dexterity was 18 (limit:18). Your constitution was 18 (limit:18). Your intelligence was 7 (limit:18). Your wisdom was 9 (limit:18). Your charisma was 6 (limit:18). Final Status: You were stunned. You weren't hungry. You were unencumbered. You were wielding a two-handed sword. You had basic skill with two-handed sword. Final Attributes: You were piously aligned. You were poison resistant. You were telepathic. You were warded. You were fast. You are dead. Miscellaneous: You disabled loading of bones levels. Total elapsed playing time was 44 minutes and 29 seconds. Major events: Turn 1: wangpang the neutral male human Barbarian entered the dungeon 618: entered the Gnomish Mines 1518: attained the rank of Pillager (level 3) 2037: entered Sokoban 2142: killed by an imp Vanquished creatures: a straw golem 2 floating eyes a rabid rat a giant bat 2 orc zombies a wererat an iguana 2 manes a large kobold a hobgoblin 2 giant rats a green mold 3 geckos 3 jackals a fox 2 kobolds a goblin a sewer rat 2 grid bugs a lichen 2 newts 32 creatures vanquished. No species were genocided or became extinct. Voluntary challenges: You read items or engraved 5 times. You never engraved Elbereth. You never genocided any monsters. You never polymorphed an object. You never changed form. You used no wishes. You did not violate any of the special Sokoban rules. Achievements: You entered a shop. You entered the Gnomish Mines. You attained the rank of Pillager. You entered Sokoban. The Dungeons of Doom: levels 1 to 6 Level 1: A sink. Level 2: "Altar" A scroll shop, an altar, some fountains. Stairs down to The Gnomish Mines. Level 3: An altar, a fountain, a sink. Level 4: An altar, some fountains. Level 5: Many fountains. Level 6: <- You were here. A throne. Stairs up to Sokoban, level 5. Final resting place for you, killed by an imp. The Gnomish Mines: Level 3: Sokoban: Level 5: Unsolved. Game over: ---------- / \ / REST \ / IN \ / PEACE \ / \ | wangpang | | 52 Au | | killed by an imp | | | | | | | | 2023 | *| * * * | * _________)/\\_//(\/(/\)/\//\/|_)_______ Goodbye wangpang the Barbarian... You died in The Dungeons of Doom on dungeon level 6 with 791 points, and 52 pieces of gold, after 2142 moves. You were level 4 with a maximum of 48 hit points when you died.